 Dungeon Crawl Stone Soup version 0.28-a0-1190-g77e1c55843 (webtiles) character file.

Game seed: 12014094505885292213

157 bande the Skirmisher (level 5, -3/36 HPs)
             Began as a Gargoyle Fighter on Dec 19, 2021.
             Slain by a hobgoblin (9 damage)
             ... on level 4 of the Dungeon.
             The game lasted 00:06:08 (2391 turns).

bande the Skirmisher (Gargoyle Fighter)             Turns: 2391, Time: 00:06:08

Health: -3/36      AC: 13    Str: 19    XL:     5   Next: 38%
Magic:  4/4        EV:  7    Int:  9    God:
Gold:   43         SH:  5    Dex: 11    Spells: 4/4 levels left

rFire   . . .      SeeInvis .   a - +0 war axe
rCold   . . .      Faith    .   c - +1 buckler
rNeg    + . .      Spirit   .   l - +0 chain mail
rPois   ∞          Reflect  .   (no helmet)
rElec   +          Harm     .   (no cloak)
rCorr   .          Rampage  .   (no gloves)
Will    .....                   (no boots)
Stlth   ..........              (no amulet)
HPRegen 0.12/turn               (no ring)
MPRegen 0.09/turn               (no ring)

@: no status effects
A: sickness immunity, AC +4, negative energy resistance 1, electricity
resistance, torment resistance 1, petrification resistance, claws 1, hooves 1,
low mp 1, robust 1, MP-powered wands
a: no special abilities


You were on level 4 of the Dungeon.
You visited 1 branch of the dungeon, and saw 4 of its levels.

You collected 43 gold pieces.

Inventory:

Hand Weapons
 a - a +0 war axe (weapon)
Armour
 c - a +1 buckler (worn)
 l - a +0 chain mail (worn)
Wands
 m - a wand of paralysis (10)
Scrolls
 b - a scroll of teleportation
 h - a scroll of blinking
Potions
 d - a potion of might
 e - a potion of flight
 f - 3 potions of curing
 g - 2 potions of resistance {unknown}
 i - a potion of ambrosia {unknown}
 j - a potion of invisibility {unknown}
 k - a potion of haste {unknown}


   Skills:
 + Level 4.1 Fighting
 + Level 3.4 Axes
 + Level 4.1 Armour
 - Level 0.3 Stealth
 + Level 3.8 Shields


You had 4 spell levels left.
You didn't know any spells.
Your spell library was empty.

Dungeon Overview and Level Annotations

Branches:
Dungeon (4/15)
 Temple: D:4-7

Altars:


Innate Abilities, Weirdness & Mutations

You are immune to sickness and miasma.
Your stone body is resilient. (AC +4)
You are immune to poison.
You resist negative energy. (rN+)
You are resistant to electric shocks. (rElec)
You are resistant to unholy torment.
You are immune to petrification.
You have sharp fingernails.
You have large cloven feet.
Your magical capacity is low. (-10% MP)
You are robust. (+10% HP)
You expend magic power (3 MP) to strengthen your wands.


Message History

The hobgoblin hits you from afar with a +0 scythe.
You barely miss the gnoll. Your kick misses the gnoll.
The gnoll is moderately wounded.
You hit the gnoll. The gnoll hits you with a +0 whip.
The hobgoblin hits you from afar with a +0 scythe.
The gnoll hits you but does no damage.
Unknown command.
You slash the gnoll!
You kill the gnoll!
You hit the gnoll.
The hobgoblin hits you from afar with a +0 scythe!
You block the gnoll's attack. The hobgoblin closely misses you.
A hobgoblin comes into view. It is wielding a +0 scythe.
The hobgoblin hits you but does no damage.
The gnoll hits you but does no damage.
The hobgoblin hits you but does no damage. x2
Items here: ))) †.
You barely miss the gnoll. Your kick misses the gnoll.
The gnoll is heavily wounded.
You barely miss the hobgoblin. You hit the hobgoblin.
The gnoll completely misses you.
The hobgoblin hits you but does no damage.
You block the hobgoblin's attack. The gnoll hits you with a +0 club.
* * * LOW HITPOINT WARNING * * *
You block the hobgoblin's attack.
You hit the gnoll. You kick the gnoll.
The gnoll is almost dead.
You hit the hobgoblin.
You kill the hobgoblin!
You closely miss the hobgoblin.
The hobgoblin hits you with a +0 scythe.
* * * LOW HITPOINT WARNING * * *
The gnoll closely misses you.
You closely miss the hobgoblin. Your kick misses the hobgoblin.
The hobgoblin is almost dead.
You hit the gnoll.
You kill the gnoll!
A hobgoblin comes into view. It is wielding a +0 scythe.
The hobgoblin hits you from afar with a +0 scythe!
You die...

#.................
#........#########
. #......>.......
.. #........######
... #........#
.... #........#
..... #........#
......#.########
......g@#
......)......#
.......g.....#
.............#
........######
###.....# #...=.#
#g....#


You could see 3 hobgoblins.

Vanquished Creatures
  4 gnolls (D:4)
  5 adders
  3 worms
  2 dart slugs
  An orc (D:3)
  3 ball pythons
  7 bats
  4 endoplasms
  6 giant cockroaches
  6 hobgoblins
  5 jackals
  4 quokkas
  7 frilled lizards
  7 kobolds
  9 rats
73 creatures vanquished.

Notes
Turn   | Place    | Note
-------+----------+-------------------------------------------
     0 | D:1      | bande the Gargoyle Fighter began the quest for the Orb.
     0 | D:1      | Reached XP level 1. HP: 14/14 MP: 1/1
   160 | D:1      | Reached XP level 2. HP: 18/19 MP: 2/2
   268 | D:1      | Noticed an eye of devastation
   270 | D:1      | Found a faded altar of an unknown god.
   272 | D:1      | Noticed a shining eye
   272 | D:1      | Noticed an eye of devastation
   272 | D:1      | Noticed a great orb of eyes
   457 | D:1      | Reached XP level 3. HP: 20/24 MP: 3/3
  1173 | D:2      | Reached XP level 4. HP: 26/29 MP: 4/4
  1965 | D:3      | Gained mutation: You are dopey. (Int -2) [potion of
                  | mutation]
  1965 | D:3      | Gained mutation: You have large cloven feet. [potion of
                  | mutation]
  1966 | D:3      | Lost mutation: You are dopey. (Int -2) [potion of mutation]
  1966 | D:3      | Gained mutation: You are robust. (+10% HP) [potion of
                  | mutation]
  1966 | D:3      | Gained mutation: Your magical capacity is low. (-10% MP)
                  | [potion of mutation]
  1966 | D:3      | Gained mutation: You have sharp fingernails. [potion of
                  | mutation]
  1966 | D:3      | Gained mutation: You expend magic power (3 MP) to
                  | strengthen your wands. [potion of mutation]
  2166 | D:3      | Reached XP level 5. HP: 33/36 MP: 4/4
  2391 | D:4      | Slain by a hobgoblin

Illustrated notes

Levels and vault maps discovered:
D:1:      dpeg_arrival_shelter, layout_rooms,
          hellmonk_ecumenical_altar_watching_god, serial_rivers,
          chequers_serial_rivers_marsh, chequers_serial_rivers_micro_e,
          chequers_serial_rivers_micro_c, chequers_serial_rivers_large_a,
          chequers_serial_rivers_micro_e
D:2:      layout_basic
D:3:      layout_loops_ring
D:4:      cheibrodos_pilgrimage, layout_basic, zin_statuary,
          nicolae_uskayaw_murder_on_the_dancefloor, sigmund_army

Skill      XL: |  1  2  3  4 |
---------------+-------------+-----
Axes           | 2 3 |  3.4
Fighting       | 4 |  4.1
Armour         | 4 |  4.1
Stealth        | |  0.3
Shields        | |  3.8

Action                   |  1- 3 |  4- 6 || total
-------------------------+-------+-------++-------
Melee: War axe           |    94 |   113 ||   207
       Kick              |       |     8 ||     8
  Use: Scroll            |     4 |     3 ||     7
       Potion            |       |     2 ||     2
Armor: Scale mail        |    36 |       ||    36
       Chain mail        |    22 |    76 ||    98
Dodge: Dodged            |    48 |    38 ||    86
Block: Buckler           |    30 |    34 ||    64

Table legend: (Time is in decaauts)
 A = Elapsed time spent in this place.
 B = Non-inter-level travel time spent in this place.
 C = Inter-level travel time spent in this place.
 D = Time resting spent in this place.
 E = Time spent auto-exploring this place.
 F = Levels seen in this place.
 G = Mean time per level.
                   A        B        C        D        E       F      G
               +--------+--------+--------+--------+--------+-----+--------+
         Total |   2482 |   2482 |      0 |    140 |   1703 |   4 |  620.5 |
       Dungeon |   2482 |   2482 |      0 |    140 |   1703 |   4 |  620.5 |
               +--------+--------+--------+--------+--------+-----+--------+

Top non-repeatable levels by time:
     D:3: 842 daAuts
     D:1: 820 daAuts
     D:2: 749 daAuts
     D:4: 70 daAuts
